 Dungeon Sprint DCSS version 0.17.1-2-g5865329 (webtiles) character file.

4 hexophile the Skirmisher (level 1, -1/19 (20) HPs)
             Began as a Ghoul Berserker on Jan 27, 2016.
             Was a Believer of Trog.
             Splashed by a jelly's acid (3 damage)
             ... in the Dungeon (Sprint IX: "|||||||||||||||||||||||||||||").
             The game lasted 00:00:19 (62 turns).

hexophile the Skirmisher (Ghoul Berserker)            Turns: 62, Time: 00:00:19

HP:   -1/19 (20)    AC: -5    Str: 19    XL:     1   Next: 70%
MP:   0/0           EV: 12    Int:  3    God:    Trog [**....]
Gold: 0             SH:  0    Dex:  8    Spells: 0 memorised, 0 levels left

rFire  . . .     SeeInvis .     a - +0 falchion
rCold  + . .     Clarity  .     b - +0 animal skin
rNeg   + + +     SustAt   .     (no shield)
rPois  ∞         Gourm    .     (no helmet)
rElec  .         Spirit   .     (no cloak)
rCorr  .         Warding  .     (no gloves)
rMut   .         NoTele   +     (no boots)
MR     .....                    (no amulet)
Stlth  +.........               (no ring)
                                (no ring)

@: corroded equipment, rotting, not resistant to hostile enchantments, very
unstealthy
A: rotting body, claws 1, carnivore 3, cold resistance 1, negative energy
resistance 3, slow regeneration 1, torment resistance, unbreathing
a: Trog's Hand, Burn Spellbooks, Renounce Religion


You were in the Dungeon.
You worshipped Trog.
Trog was pleased with you.
You were not hungry.

You visited 1 branch


Innate Abilities, Weirdness & Mutations

Your body is rotting away.
You thrive on raw meat.
You are immune to poison.
You have sharp fingernails.
You are carnivorous and can eat meat at any time.
Your flesh is cold resistant.
You are immune to negative energy.
You regenerate slowly when monsters are visible.
You are immune to unholy pain and torment.
You can survive without breathing.

Inventory:

Hand Weapons
 a - a +0 falchion (weapon)
Armour
 b - a +0 animal skin (worn)
Scrolls
 i - a scroll of blinking
Potions
 d - a potion of curing
 f - a potion of haste
 g - 2 potions of magic
 h - a potion of berserk rage
Comestibles
 c - a meat ration
 j - 2 chunks of flesh


You couldn't memorise any spells.
You didn't know any spells.


   Skills:
 + Level 4.1 Fighting
 + Level 3.4 Long Blades
 - Level 1.7 Armour
 - Level 1.7 Dodging

Dungeon Overview and Level Annotations

Branches:
Dungeon (1/1)

Altars:

Vault maps used:
D:        linesprint
You       could see a jelly, a worker ant, an orc, a quokka zombie and an adder
          skeleton.


Message History

Trog accepts your kill.
You can now call upon Trog for regeneration and protection from hostile enchantments.
Your Fighting skill increases to level 4!
You slash the rat!
You kill the rat!
Trog accepts your kill.
You barely miss the goblin. The goblin barely misses you.
You hit the goblin.
You kill the goblin!
Trog accepts your kill.
Items here: ( ) †† a club; 4 stones; a goblin corpse; a kobold corpse
Items here: ( ) †† a club; 4 stones; a goblin corpse; a kobold corpse You butcher the goblin corpse.
j - 3 chunks of flesh
Items here: ( ) ÷ † a club; 4 stones; a goblin skeleton; a kobold corpse You butcher the kobold corpse.
j - 5 chunks of flesh (gained 2)
Things that are here:
a club; 4 stones; a goblin skeleton Eating one of 5 chunks of flesh.
This raw flesh tastes great!
You continue eating. x2
Restored 4 HP.
You have now: 19/20 HP.
Eating one of 4 chunks of flesh.
This raw flesh tastes great!
You continue eating. x2
Eating one of 3 chunks of flesh.
This raw flesh tastes great!
You continue eating. x2
You start waiting.
You feel your flesh rotting away.
You lost 1 HP.
You have now: 19/19 HP.
You open the door.
A jelly, a worker ant, an orc, a zombie and a skeleton come into view.
The worker ant twitches its antennae in your direction.
There is an open door here.
The helpless jelly fails to defend itself.
You hit the jelly. The acid corrodes you!
Your claws burn!
The jelly is lightly wounded.
The jelly barely misses you.
You hit the jelly but do no damage.
Your claws burn!
The jelly is lightly wounded.
The jelly hits you.
You are splashed with acid!
The acid burns!
Ouch! That really hurt!
* * * LOW HITPOINT WARNING * * *
!MASSIVE DAMAGE!
YOU LOST 17 HP!
You have now: 2/19 HP.
Unknown command.
You hit the jelly. The acid corrodes you!
Your claws burn!
You die...

Action                   || total
-------------------------++-------
Melee: Falchion          ||    21
  Use: Potion            ||     1
 Stab: Sleeping          ||     1
  Eat: Chunk             ||     3

Notes
Turn   | Place    | Note
--------------------------------------------------------------
     0 | D        | hexophile the Ghoul Berserker began the quest for the Orb.
     0 | D        | Reached XP level 1. HP: 19/19 MP: 0/0
    18 | D        | Reached skill level 3 in Long Blades
    22 | D        | Reached ** piety under Trog
    22 | D        | Reached skill level 4 in Fighting
    58 | D        | Noticed a jelly
    58 | D        | Noticed a worker ant
    62 | D        | Splashed by a jelly's acid

Table legend:
 A = Turns spent in this place as a percentage of turns spent in the entire game.
 B = Non-inter-level travel turns spent in this place as a percentage of non-inter-level travel turns spent in the entire game.
 C = Inter-level travel turns spent in this place as a percentage of turns spent in this place.
 D = Turns resting spent in this place as a percentage of non-inter-level travel turns spent in this place.
 E = Turns spent auto-exploring this place as a percentage of non-inter-level travel turns spent in this place.
 F = Non-inter-level travel turns spent in this place divided by the number of levels of this place that you've seen.
                   A       B       C       D       E      F
               +-------+-------+-------+-------+-------+----------------------
         Total | 100.0 | 100.0 |   0.0 |   4.2 |   0.0 |  48.0
       Dungeon | 100.0 | 100.0 |   0.0 |   4.2 |   0.0 |  48.0
               +-------+-------+-------+-------+-------+----------------------

Table legend:
 A = Kills in this place as a percentage of kills in entire the game.
 B = Kills by you in this place as a percentage of kills by you in the entire game.
 C = Kills by friends in this place as a percentage of kills by friends in the entire game.
 D = Other kills in this place as a percentage of other kills in the entire game.
 E = Experience gained in this place as a percentage of experience gained in the entire game.
 F = Experience gained in this place divided by the number of levels of this place that you have seen.
                   A       B       C       D       E      F
               +-------+-------+-------+-------+-------+----------------------
         Total | 100.0 | 100.0 |  -nan |  -nan | 100.0 |   7.0
       Dungeon | 100.0 | 100.0 |  -nan |  -nan | 100.0 |   7.0
               +-------+-------+-------+-------+-------+----------------------

Vanquished Creatures
  A goblin (D)
  2 kobolds (D)
  A bat (D)
  A rat (D)
5 creatures vanquished.
